3A
KENNESAW JETS @ GRAND FORKS CATERPILLARS
05/02/2030
 
TOP OF THE 1ST
Kennesaw Jets batting - Pitching for Grand Forks Caterpillars : LHP Alex Bart
Pitching: LHP Alex Bart
Batting: RHB José Luna 0-0: Swinging Strike
0-1: Ball
1-1: Called Strike
1-2: Foul Ball, location: 2F
1-2: Foul Ball, location: 2F
1-2: Strikes out swinging
Batting: RHB Javier De La Garza 0-0: Ball
1-0: Called Strike
1-1: Ball
2-1: Swinging Strike
2-2: Foul Ball, location: 2F
2-2: Strikes out swinging
Batting: RHB Patrick Eggen 0-0: Called Strike
0-1: Fly out, F8 (Line Drive, 78M)
Top of the 1st over - 0 runs, 0 hits, 0 errors, 0 left on base; Kennesaw 0 - Grand Forks 0
BOTTOM OF THE 1ST
Grand Forks Caterpillars batting - Pitching for Kennesaw Jets : RHP Rikkarti Gudmundur
Pitching: RHP Rikkarti Gudmundur
Batting: SHB Jorge Alou 0-0: Ball
1-0: Ball
2-0: Ball
3-0: Called Strike
3-1: Called Strike
3-2: Base on Balls
Batting: RHB Hang-ki Chung 0-0: Foul Ball, location: 2F
0-1: Foul Ball, location: 2F
0-2: Ball
1-2: Ball
2-2: Fly out, F7 (Flyball, 7D)
Runner from 1st tags up, SAFE at 2nd
Batting: RHB Moriz Ayushiev 0-0: Called Strike
Jorge Alou steals 3rd base
0-1: Swinging Strike
0-2: Ball
1-2: Ball
2-2: Foul Ball, location: 2F
2-2: DOUBLE (Flyball, 7LD)
Jorge Alou scores
Batting: SHB Kilipaki Malamapono 0-0: Called Strike
0-1: Called Strike
0-2: Ball
1-2: Fly out, F9 (Flyball, 9LSF)
Batting: RHB Jun Kung 0-0: Foul Ball, location: 2F
0-1: Ball
1-1: Ball
2-1: SINGLE (Groundball, 6D)
Moriz Ayushiev to third
Runner from 3rd tries for Home, SAFE, no throw
Batting: RHB Lee Scrooby 0-0: Called Strike
0-1: Ball
1-1: Foul Ball, location: 2F
1-2: SINGLE (Groundball, 56D)
Jun Kung to second
Batting: RHB Cristián Ortíz 0-0: Foul Ball, location: 2F
0-1: Ball
1-1: Ball
2-1: Fielders Choice at 2nd, 5-4 (Groundball, 56)
Bottom of the 1st over - 2 runs, 3 hits, 0 errors, 2 left on base; Kennesaw 0 - Grand Forks 2
TOP OF THE 2ND
Kennesaw Jets batting - Pitching for Grand Forks Caterpillars : LHP Alex Bart
Batting: RHB Lester Kwiatkowski 0-0: Called Strike
0-1: Ball
1-1: Foul Ball, location: 2F
1-2: Ball
2-2: Strikes out looking
Batting: LHB Sandor Addicks 0-0: Ground out 4-3 (Groundball, 4M)
Batting: RHB Renato Zuvic 0-0: Ball
1-0: Ground out 6-3 (Groundball, 6S)
Top of the 2nd over - 0 runs, 0 hits, 0 errors, 0 left on base; Kennesaw 0 - Grand Forks 2
BOTTOM OF THE 2ND
Grand Forks Caterpillars batting - Pitching for Kennesaw Jets : RHP Rikkarti Gudmundur
Batting: RHB Luis Pérez 0-0: SINGLE (Groundball, 6S) (infield hit)
Batting: SHB Mathis Bonnet 0-0: Grounds into double play, 6-4-3 (Groundball, 6)
Batting: SHB Jorge Alou 0-0: SINGLE (Line Drive, 9S)
Batting: RHB Hang-ki Chung 0-0: Called Strike
Jorge Alou steals 2nd base
0-1: Ground out 3-1 (Groundball, 34)
Bottom of the 2nd over - 0 runs, 2 hits, 0 errors, 1 left on base; Kennesaw 0 - Grand Forks 2
TOP OF THE 3RD
Kennesaw Jets batting - Pitching for Grand Forks Caterpillars : LHP Alex Bart
Batting: LHB Jorge Ortíz 0-0: Ball
1-0: Swinging Strike
1-1: Foul Ball, location: 2F
1-2: Foul Ball, location: 2F
1-2: Ground out U3 (Groundball, 34S)
Batting: RHB Diego Romero 0-0: Foul Ball, location: 2F
0-1: Swinging Strike
0-2: Ball
1-2: Foul Ball, location: 2F
1-2: Foul Ball, location: 2F
1-2: Strikes out looking
Batting: RHB Maurice Tremain 0-0: Ground out 6-3 (Groundball, 6)
Top of the 3rd over - 0 runs, 0 hits, 0 errors, 0 left on base; Kennesaw 0 - Grand Forks 2
BOTTOM OF THE 3RD
Grand Forks Caterpillars batting - Pitching for Kennesaw Jets : RHP Rikkarti Gudmundur
Batting: RHB Moriz Ayushiev 0-0: Ball
1-0: Foul Ball, location: 2F
1-1: Swinging Strike
1-2: SINGLE (Line Drive, 56D)
Batting: SHB Kilipaki Malamapono 0-0: Ball
1-0: Ball
2-0: Ball
3-0: Base on Balls
Moriz Ayushiev to second
Batting: RHB Jun Kung 0-0: Called Strike
0-1: Ball
1-1: Called Strike
1-2: Strikes out swinging
Batting: RHB Lee Scrooby 0-0: Ball
1-0: Swinging Strike
1-1: Foul Ball, location: 2F
1-2: Grounds into double play, 5-4-3 (Groundball, 56)
Bottom of the 3rd over - 0 runs, 1 hit, 0 errors, 1 left on base; Kennesaw 0 - Grand Forks 2
TOP OF THE 4TH
Kennesaw Jets batting - Pitching for Grand Forks Caterpillars : LHP Alex Bart
Batting: RHB José Luna 0-0: Called Strike
0-1: Ball
1-1: Ball
2-1: Ball
3-1: Swinging Strike
3-2: Foul Ball, location: 2F
3-2: Strikes out swinging
Batting: RHB Javier De La Garza 0-0: Called Strike
0-1: Called Strike
0-2: Foul Ball, location: 2F
0-2: SINGLE (Flyball, 9S)
Batting: RHB Patrick Eggen 0-0: Called Strike
0-1: Ball
1-1: Called Strike
1-2: Ball
2-2: Ball
3-2: Foul Ball, location: 2F
3-2: Ground out 3-1 (Groundball, 34S)
Javier De La Garza to second
Batting: RHB Lester Kwiatkowski 0-0: Ball
1-0: Ball
2-0: Called Strike
2-1: Ground out 5-3 (Groundball, 56)
Top of the 4th over - 0 runs, 1 hit, 0 errors, 1 left on base; Kennesaw 0 - Grand Forks 2
BOTTOM OF THE 4TH
Grand Forks Caterpillars batting - Pitching for Kennesaw Jets : RHP Rikkarti Gudmundur
Batting: RHB Cristián Ortíz 0-0: Ball
1-0: Foul Ball, location: 2F
1-1: Foul Ball, location: 2F
1-2: SINGLE (Line Drive, 6D)
Batting: RHB Luis Pérez 0-0: Ball
1-0: Fly out, F9 (Flyball, 9)
Batting: SHB Mathis Bonnet 0-0: Ball
1-0: Grounds into double play, 4-6-3 (Groundball, 4)
Bottom of the 4th over - 0 runs, 1 hit, 0 errors, 0 left on base; Kennesaw 0 - Grand Forks 2
TOP OF THE 5TH
Kennesaw Jets batting - Pitching for Grand Forks Caterpillars : LHP Alex Bart
Batting: LHB Sandor Addicks 0-0: Foul Ball, location: 2F
0-1: Ball
1-1: Ball
2-1: Swinging Strike
2-2: Foul Ball, location: 2F
2-2: Foul Ball, location: 2F
2-2: Foul Ball, location: 2F
2-2: Strikes out swinging
Batting: RHB Renato Zuvic 0-0: Ball
1-0: Called Strike
1-1: Fly out, F9 (Flyball, 89D)
Batting: LHB Jorge Ortíz 0-0: Foul Ball, location: 2F
0-1: Foul Ball, location: 2F
0-2: Ball
1-2: Ground out 4-3 (Groundball, 34)
Top of the 5th over - 0 runs, 0 hits, 0 errors, 0 left on base; Kennesaw 0 - Grand Forks 2
BOTTOM OF THE 5TH
Grand Forks Caterpillars batting - Pitching for Kennesaw Jets : RHP Rikkarti Gudmundur
Batting: SHB Jorge Alou 0-0: Ball
1-0: Ball
2-0: Foul Ball, location: 2F
2-1: Foul Ball, location: 2F
2-2: Fly out, F7 (Flyball, 78M)
Batting: RHB Hang-ki Chung 0-0: Swinging Strike
0-1: Foul Ball, location: 2F
0-2: Ball
1-2: Fly out, F7 (Flyball, 78D)
Batting: RHB Moriz Ayushiev 0-0: Ground out 6-3 (Groundball, 56)
Bottom of the 5th over - 0 runs, 0 hits, 0 errors, 0 left on base; Kennesaw 0 - Grand Forks 2
TOP OF THE 6TH
Kennesaw Jets batting - Pitching for Grand Forks Caterpillars : LHP Alex Bart
Batting: RHB Diego Romero 0-0: Fly out, F9 (Flyball, 9)
Batting: RHB Maurice Tremain 0-0: Ball
1-0: Called Strike
1-1: Ball
2-1: Foul Ball, location: 2F
2-2: Ball
3-2: Foul Ball, location: 2F
3-2: Foul Ball, location: 2F
3-2: Base on Balls
Batting: RHB José Luna 0-0: Called Strike
0-1: Swinging Strike
0-2: Strikes out looking
Batting: RHB Javier De La Garza 0-0: Ball
1-0: Ball
2-0: Ball
3-0: Called Strike
3-1: Ground out 4-3 (Groundball, 4S)
Top of the 6th over - 0 runs, 0 hits, 0 errors, 1 left on base; Kennesaw 0 - Grand Forks 2
BOTTOM OF THE 6TH
Grand Forks Caterpillars batting - Pitching for Kennesaw Jets : RHP Rikkarti Gudmundur
Batting: SHB Kilipaki Malamapono 0-0: Ball
1-0: Foul Ball, location: 2F
1-1: Ball
2-1: Swinging Strike
2-2: Hit by Pitch
Batting: RHB Jun Kung 0-0: Ball
1-0: Foul Ball, location: 2F
1-1: Fly out, F8 (Flyball, 8LD)
Batting: RHB Lee Scrooby 0-0: Grounds into double play, 4-6-3 (Groundball, 4)
Bottom of the 6th over - 0 runs, 0 hits, 0 errors, 0 left on base; Kennesaw 0 - Grand Forks 2
TOP OF THE 7TH
Kennesaw Jets batting - Pitching for Grand Forks Caterpillars : LHP Alex Bart
Batting: RHB Patrick Eggen 0-0: Ball
1-0: Foul Ball, location: 2F
1-1: Called Strike
1-2: Foul Ball, location: 2F
1-2: Foul Ball, location: 2F
1-2: Foul Ball, location: 2F
1-2: Foul Ball, location: 2F
1-2: Ball
2-2: Ball
3-2: SINGLE (Groundball, P) (infield hit)
Batting: RHB Lester Kwiatkowski 0-0: Ball
1-0: Called Strike
1-1: Foul Ball, location: 2F
1-2: Ball
2-2: SINGLE (Groundball, 56D)
Patrick Eggen to second
Pinch Hitting: RHB Tomás Gonzáles 0-0: Called Strike
Lester Kwiatkowski is caught stealing 2nd base
0-1: Ball
1-1: Foul Ball, location: 2F
1-2: Foul Ball, location: 2F
1-2: Foul Ball, location: 2F
1-2: Ball
2-2: Foul Ball, location: 2F
2-2: Ground out 4-3 (Groundball, 34)
Batting: RHB Renato Zuvic 0-0: Called Strike
0-1: Swinging Strike
0-2: Foul Ball, location: 2F
0-2: Ball
1-2: Ball
2-2: Ball
3-2: Fly out, F3 (Popup, 3SF)
Top of the 7th over - 0 runs, 2 hits, 0 errors, 1 left on base; Kennesaw 0 - Grand Forks 2
BOTTOM OF THE 7TH
Grand Forks Caterpillars batting - Pitching for Kennesaw Jets : RHP Rikkarti Gudmundur
Now at 3B: Tomás Gonzáles
Batting: RHB Cristián Ortíz 0-0: Fly out, F7 (Flyball, 78S)
Batting: RHB Luis Pérez 0-0: Called Strike
0-1: Called Strike
0-2: Ball
1-2: Foul Ball, location: 2F
1-2: Fly out, F8 (Flyball, 8RS)
Batting: SHB Mathis Bonnet 0-0: Fly out, F8 (Flyball, 89D)
Bottom of the 7th over - 0 runs, 0 hits, 0 errors, 0 left on base; Kennesaw 0 - Grand Forks 2
TOP OF THE 8TH
Kennesaw Jets batting - Pitching for Grand Forks Caterpillars : LHP Alex Bart
Pitching: RHP Roberto Roque
Batting: LHB Jorge Ortíz 0-0: Ball
1-0: Ball
2-0: Foul Ball, location: 2F
2-1: Ball
3-1: Base on Balls
Batting: RHB Diego Romero 0-0: Called Strike
0-1: Ball
1-1: Called Strike
1-2: Strikes out swinging
Batting: RHB Maurice Tremain 0-0: Ball
1-0: Swinging Strike
1-1: Grounds into double play, 6-4-3 (Groundball, 6)
Top of the 8th over - 0 runs, 0 hits, 0 errors, 0 left on base; Kennesaw 0 - Grand Forks 2
BOTTOM OF THE 8TH
Grand Forks Caterpillars batting - Pitching for Kennesaw Jets : RHP Rikkarti Gudmundur
Batting: SHB Jorge Alou 0-0: Called Strike
0-1: Ball
1-1: Foul Ball, location: 2F
1-2: Foul Ball, location: 2F
1-2: Ball
2-2: Strikes out swinging
Batting: RHB Hang-ki Chung 0-0: Fly out, F5 (Line Drive, 56)
Batting: RHB Moriz Ayushiev 0-0: Ground out 4-3 (Groundball, 4)
Bottom of the 8th over - 0 runs, 0 hits, 0 errors, 0 left on base; Kennesaw 0 - Grand Forks 2
TOP OF THE 9TH
Kennesaw Jets batting - Pitching for Grand Forks Caterpillars : RHP Roberto Roque
Batting: RHB José Luna 0-0: Fly out, F8 (Flyball, 8RD)
Batting: RHB Javier De La Garza 0-0: Ball
1-0: Called Strike
1-1: Called Strike
1-2: Ground out 3-1 (Groundball, 34)
Batting: RHB Patrick Eggen 0-0: Ball
1-0: Called Strike
1-1: Fly out, F7 (Flyball, 78D)
Top of the 9th over - 0 runs, 0 hits, 0 errors, 0 left on base; Kennesaw 0 - Grand Forks 2
Sunday, March 18th, 2018 - OOTP Baseball 18.8 Build 76